 Dungeon Crawl Stone Soup version 0.29-a0-541-gaf1fc19f1b (webtiles) character file.

Game seed: 1631427564681823399

92 nrs142 the Skirmisher (level 4, -2/39 HPs)
             Began as a Palentonga Fighter on June 2, 2022.
             Slain by a goblin
             ... wielding a +0 club
             ... led by Robin
              (3 damage)
             ... on level 2 of the Dungeon.
             The game lasted 00:01:50 (1199 turns).

nrs142 the Skirmisher (Palentonga Fighter)          Turns: 1199, Time: 00:01:51

Health: -2/39      AC:  6    Str: 22    XL:     4   Next: 35%
Magic:  4/4        EV:  7    Int:  8    God:
Gold:   46         SH:  4    Dex:  9    Spells: 3/3 levels left

rFire   . . .      SeeInvis +   a - +0 war axe
rCold   . . .      Faith    .   c - +0 buckler
rNeg    . . .      Spirit   .   b - +0 scale mail
rPois   .          Reflect  .   (no helmet)
rElec   .          Harm     .   (no cloak)
rCorr   .          Rampage  .   (no gloves)
Will    .....                   (no barding)
Stlth   ..........              (no amulet)
HPRegen 0.13/turn               (no ring)
MPRegen 0.09/turn               (no ring)

@: mighty, flying
A: large, rugged brown scales 3, see invisible, deformed body, roll 1, armoured
tail
a: Rolling Charge


You were on level 2 of the Dungeon.
You visited 1 branch of the dungeon, and saw 2 of its levels.

You collected 46 gold pieces.

Inventory:

Hand Weapons
 a - a +0 war axe (weapon)
Armour
 b - a +0 scale mail (worn)
 c - a +0 buckler (worn)
Scrolls
 e - 2 scrolls of identify {unknown}
 g - a scroll of vulnerability {unknown}
 h - a scroll of teleportation {unknown}
 i - a scroll of amnesia {unknown}


   Skills:
 + Level 3.6 Fighting
 + Level 2.8 Axes
 + Level 3.0 Armour
 + Level 3.3 Shields


You had 3 spell levels left.
You didn't know any spells.
Your spell library contained the following spells:

 Spells                   Type           Power      Damage    Failure   Level
 Summon Small Mammal      Summ           0%         N/A       80%         1
 Call Canine Familiar     Summ           0%         N/A       99%         3
 Summon Guardian Golem    Hex/Summ       0%         N/A       99%         3


Dungeon Overview and Level Annotations

Branches:
Dungeon (2/15)

Altars:

Annotations:
D:2 Robin


Innate Abilities, Weirdness & Mutations

You are completely covered in rugged brown scales. (AC +3, +7% HP)
You have supernaturally acute eyesight. (SInv)
Armour fits poorly on your strangely shaped body.
You can roll at nearby foes to attack.
You have a long armoured tail.


Message History

A goblin comes into view. It is wielding a +0 club.
It was a potion of curing.
You feel better.
The goblin shouts!
The hobgoblin no longer looks unusually strong.
The goblin hits you but does no damage. The goblin closely misses you.
You slash the goblin!
You kill the goblin!
You barely miss the goblin.
The hobgoblin no longer looks unusually strong.
The goblin barely misses you.
You slash the hobgoblin!
You kill the hobgoblin!
You closely miss the goblin.
Robin roars a battlecry!
The goblins go into a battle-frenzy!
The goblin hits you but does no damage.
You slash the hobgoblin!
You kill the hobgoblin!
You closely miss the goblin. The goblin hits you with a +0 club.
* * * LOW HITPOINT WARNING * * *
The goblin hits you with a +0 club.
* * * LOW HITPOINT WARNING * * *
Unknown command.
It was a potion of flight.
You feel very buoyant.
You fly up into the air.
The goblin hits you but does no damage. The hobgoblin hits you.
* * * LOW HITPOINT WARNING * * *
You barely miss the hobgoblin. You hit the goblin.
You kill the goblin!
The hobgoblin hits you.
* * * LOW HITPOINT WARNING * * *
You barely miss the hobgoblin. You tail-slap the hobgoblin.
You kill the hobgoblin!
The goblin hits you with a +0 club.
* * * LOW HITPOINT WARNING * * *
You hit the goblin.
The goblin is severely wounded.
Robin throws the goblin at you! The goblin hits you with a +0 club.
You die...

# #.###
.#...g#################
.......)....Kg)@g......
......).$..######.#####
#......###..# ..
....... ##.## ..#
#.##... #.)# .# # #...
##.# # #... #.# ..##
#.## ##. #.!#


You could see Robin, a goblin (strong) and a kobold.

Vanquished Creatures
  Jessica (D:2)
  An adder (D:2)
  3 dart slugs
  4 bats
  3 endoplasms
  9 goblins
  9 hobgoblins
  2 kobolds
  4 quokkas
  7 ball pythons
  2 frilled lizards
  5 rats
50 creatures vanquished.

Notes
Turn   | Place    | Note
-------+----------+-------------------------------------------
     0 | D:1      | nrs142 the Palentonga Fighter began the quest for the Orb.
     0 | D:1      | Reached XP level 1. HP: 19/19 MP: 1/1
   182 | D:1      | Reached XP level 2. HP: 25/25 MP: 2/2
   688 | D:1      | Reached XP level 3. HP: 27/31 MP: 3/3
   865 | D:2      | Noticed Jessica
   869 | D:2      | Killed Jessica
  1153 | D:2      | Reached XP level 4. HP: 33/37 MP: 4/4
  1174 | D:2      | Noticed Robin
  1198 | D:2      | HP: 1/39 [goblin/+0 club[Robin] (2)]
  1199 | D:2      | Slain by a goblin

Illustrated notes

Levels and vault maps discovered:
D:1:      dpeg_arrival_stonehenge_8_columns, layout_rooms, minmay_misc_feat_rows
D:2:      layout_basic, hellmonk_ecumenical_altar_leap_of_faith, uniq_jessica,
          uniq_robin

Skill      XL: |  1  2  3  4 |
---------------+-------------+-----
Shields        | 3 |  3.3
Armour         | 3 |  3.0
Fighting       | |  3.6
Axes           | |  2.8

Action                   |  1- 3 |  4- 6 || total
-------------------------+-------+-------++-------
Melee: War axe           |    89 |    15 ||   104
       Tailslap          |    11 |     3 ||    14
 Abil: Rolling Charge    |     1 |       ||     1
  Use: Potion            |       |     3 ||     3
 Stab: Distracted        |       |     1 ||     1
Armor: Scale mail        |    62 |    22 ||    84
Dodge: Dodged            |    38 |    11 ||    49
Block: Buckler           |    16 |     2 ||    18

Table legend: (Time is in decaauts)
 A = Elapsed time spent in this place.
 B = Non-inter-level travel time spent in this place.
 C = Inter-level travel time spent in this place.
 D = Time resting spent in this place.
 E = Time spent auto-exploring this place.
 F = Levels seen in this place.
 G = Mean time per level.
                   A        B        C        D        E       F      G
               +--------+--------+--------+--------+--------+-----+--------+
         Total |   1241 |   1229 |     12 |      0 |    982 |   2 |  620.5 |
       Dungeon |   1241 |   1229 |     12 |      0 |    982 |   2 |  620.5 |
               +--------+--------+--------+--------+--------+-----+--------+

Top non-repeatable levels by time:
     D:1: 865 daAuts
     D:2: 376 daAuts
